Map: Orbital Shipyard

Players

Grumm - Winner!

  • Race: Protoss Protoss
  • League: Gold

Dender

  • Race: Zerg Zerg
  • League: Gold

VOD

Have the link to the VOD?

Description

Time

  • Played on: Feb. 18, 2016, 10:40 p.m.
  • Length: 16:15
Show
View Real Time Build Order
Export as new Build Order

Grumm Protoss - Winner!

Build Orders:  

Get SALT Encoding   

  12  0:13  Pylon, Probe (Chrono Boost)  
  13  0:32  Gateway  
  13  0:40  Gateway  
  13  0:44  Probe (Chrono Boost)  
  14  0:54  Probe (Chrono Boost)  
  15  1:05  Probe (Chrono Boost)  
  15  1:10  Assimilator  
  16  1:15  Probe (Chrono Boost)  
  17  1:21  Cybernetics Core  
  17  1:23  Zealot (Chrono Boost)  
  19  1:27  Zealot (Chrono Boost)  
  21  1:56  Nexus  
  21  2:03  Adept (Chrono Boost)  
  23  2:14  Pylon  
  23  2:17  Warp Gate (Chrono Boost)  
  23  2:32  Probe  
  24  2:42  Adept x2  
  24  2:44  Probe  
  24  2:48  Assimilator  
  25  2:57  Probe  
  24  3:09  Stalker, Zealot  
  24  3:12  Probe  
  28  3:13  Probe  
  30  3:27  Robotics Facility  
  30  3:33  Probe  
  30  3:35  Probe  
  32  3:48  Gateway  
  32  3:50  Pylon  
  32  3:52  Probe (Chrono Boost)  
  33  4:04  Pylon  
  33  4:08  Stalker  
  35  4:10  Zealot  
  35  4:14  Probe (Chrono Boost)  
  38  4:23  Warp Prism  
  40  4:30  Probe x2 (Chrono Boost)  
  42  4:43  Gateway  
  42  4:46  Gateway  
  42  4:50  Mothership Core (Chrono Boost)  
  44  4:53  Sentry  
  44  4:55  Probe (Chrono Boost)  
  47  5:05  Probe (Chrono Boost)  
  48  5:12  Adept x2  
  52  5:17  Probe (Chrono Boost)  
  53  5:31  Nexus  
  53  5:42  Zealot  
  48  6:02  Zealot  
  48  6:03  Stalker x2  
  48  6:23  Adept  
  48  6:25  Adept  
  48  6:26  Zealot  
  48  6:27  Zealot x2  
  58  6:44  Probe (Chrono Boost)  
  51  6:50  Nexus  
  47  6:58  Pylon  
  47  7:02  Adept  
  47  7:03  Stalker  
  47  7:05  Adept  
  53  7:11  Probe (Chrono Boost)  
  54  7:16  Probe (Chrono Boost)  
  54  7:17  Assimilator, Pylon  
  55  7:23  Assimilator  
  55  7:26  Gateway  
  55  7:28  Forge  
  55  7:30  Gateway  
  55  7:33  Immortal  
  55  7:36  Pylon  
  55  7:40  Probe x2 (Chrono Boost)  
  57  7:54  Stargate  
  57  7:59  Probe x2 (Chrono Boost)  
  57  8:02  Pylon, Probe (Chrono Boost)  
  60  8:09  Protoss Ground Weapons Level 1  
  60  8:10  Probe x2 (Chrono Boost)  
  60  8:12  Observer, Probe (Chrono Boost)  
  64  8:20  Probe x2 (Chrono Boost)  
  64  8:23  Probe (Chrono Boost)  
  67  8:30  Stalker  
  67  8:31  Adept, Probe x2 (Chrono Boost)  
  67  8:33  Probe (Chrono Boost)  
  67  8:34  Assimilator  
  74  8:41  Twilight Council  
  74  8:44  Probe x2 (Chrono Boost)  
  74  8:45  Pylon, Probe (Chrono Boost)  
  77  8:54  Probe x2 (Chrono Boost)  
  80  8:55  Probe (Chrono Boost), Stalker  
  80  8:56  Stalker  
  80  8:58  Adept  
  86  9:03  Stalker  
  86  9:05  Stalker  
  86  9:08  Stalker  
  86  9:09  Sentry  
  94  9:17  Pylon  
  94  9:20  Assimilator  
  94  9:24  Pylon  
  94  9:29  Dark Shrine  
  94  9:31  Pylon  
  94  9:36  Pylon  
  94  9:42  Probe x2 (Chrono Boost)  
  94  9:43  Warp Prism  
  98  9:51  Photon Cannon  
  95  9:53  Photon Cannon  
  95  9:54  Probe x2 (Chrono Boost)  
  95  9:57  Stalker x3  
  92  10:00  Stalker  
  86  10:21  Probe (Chrono Boost)  
  85  10:25  Photon Cannon x2  
  85  10:29  Photon Cannon  
  85  10:30  Pylon  
  85  10:53  Dark Templar x3  
  85  10:54  Dark Templar  
  93  10:57  Archon x2  
  93  11:17  Probe (Chrono Boost)  
  93  11:18  Probe x2 (Chrono Boost)  
  96  11:24  Dark Templar x2  
  100  11:28  Probe x3 (Chrono Boost)  
  100  11:29  Protoss Ground Armor Level 1  
  103  11:40  Adept x2  
  103  11:44  Adept  
  59  12:40  Stalker x4  
  59  12:41  Dark Templar x3  
  67  12:49  Void Ray, Immortal  
  67  12:51  Archon  
  67  12:56  Probe (Chrono Boost)  
  67  12:57  Probe x2 (Chrono Boost)  
  70  13:07  Probe x3 (Chrono Boost)  
  70  13:10  Dark Templar x4  
  79  13:14  Archon x2  
  79  13:28  Warp Prism  
  81  13:37  Dark Templar  
  81  13:38  Dark Templar x2  
  87  13:47  Stalker x4  
  73  14:42  Stalker  
  73  14:43  Stalker x5  
  73  14:44  Stalker  
  81  15:06  Dark Templar x2  
  81  15:07  Adept  
  81  15:08  Adept x2  
  81  15:09  Stalker x2  
  83  15:35  Dark Templar x4  
  81  15:36  Dark Templar  
  81  15:42  Zealot x2  
  77  15:51  Archon  
  75  16:04  Stalker x2  
  75  16:08  Stalker x3  
  75  16:09  Stalker x2  
Show
View Real Time Build Order
Export as new Build Order

Dender Zerg 

Build Orders: Hatch First 

Get SALT Encoding   

  12  0:02  Drone  
  13  0:08  Drone  
  14  0:17  Overlord  
  14  0:26  Drone, Extractor  
  15  0:36  Drone x2  
  17  0:55  Hatchery  
  16  0:58  Drone  
  17  1:10  Spawning Pool  
  16  1:14  Drone  
  16  1:16  Drone  
  18  1:21  Drone  
  18  1:22  Extractor  
  18  1:39  Overlord  
  18  1:41  Drone  
  19  1:57  Zergling x2  
  19  1:58  Queen  
  23  2:01  Zergling x2  
  23  2:08  Zergling x2, Queen  
  24  2:13  Zergling x2  
  27  2:18  Zergling x2  
  28  2:24  Zergling x2  
  30  2:30  Zergling x2  
  30  2:31  Metabolic Boost  
  30  2:34  Drone  
  30  2:44  Spine Crawler  
  28  2:46  Drone  
  29  2:55  Zergling x6  
  31  3:06  Zergling x4  
  34  3:12  Zergling x2  
  34  3:20  Zergling x2  
  34  3:24  Overlord  
  35  3:28  Overlord x2  
  34  3:34  Zergling x2  
  34  3:41  Zergling x2, Overlord, Baneling Nest  
  35  3:46  Drone x2  
  37  3:48  Drone  
  37  3:50  Drone  
  39  4:03  Drone  
  39  4:04  Drone x3  
  43  4:19  Drone x2  
  43  4:20  Drone  
  46  4:28  Spore Crawler  
  46  4:29  Drone x4  
  46  4:30  Spore Crawler  
  48  4:39  Evolution Chamber  
  48  4:43  Drone x2  
  48  4:44  Drone x2, Extractor  
  50  5:00  Drone x2  
  50  5:02  Hatchery  
  50  5:07  Extractor  
  50  5:10  Drone x5  
  50  5:11  Extractor  
  54  5:17  Lair  
  54  5:23  Zergling x2  
  54  5:25  Overlord  
  54  5:27  Zergling x2  
  56  5:32  Drone, Overlord  
  56  5:33  Zergling x2  
  57  5:56  Zergling x10  
  55  6:08  Zergling x4  
  55  6:09  Zergling x6  
  43  6:22  Zergling x4  
  32  6:41  Zergling x4  
  32  6:42  Zergling x4  
  32  6:56  Zergling x2  
  33  7:05  Spire  
  32  7:11  Zergling x4, Overlord  
  32  7:12  Drone x3, Zergling x2  
  38  7:20  Spine Crawler  
  37  7:29  Zergling x4, Spine Crawler  
  38  7:30  Drone x2  
  38  7:34  Drone  
  41  7:40  Overseer  
  41  7:43  Drone x2  
  43  7:47  Zergling x4  
  43  7:48  Drone  
  43  7:51  Zerg Melee Weapons Level 1  
  46  7:56  Drone  
  47  8:04  Drone  
  47  8:05  Drone x3  
  50  8:21  Mutalisk x4  
  50  8:26  Mutalisk  
  60  8:31  Mutalisk  
  60  8:32  Mutalisk  
  64  8:41  Mutalisk  
  64  8:43  Mutalisk  
  64  8:47  Drone x3  
  72  8:48  Drone  
  72  8:52  Drone  
  73  9:00  Drone x4  
  73  9:01  Drone  
  78  9:08  Mutalisk  
  78  9:09  Zergling x6  
  83  9:14  Drone x3  
  83  9:15  Drone  
  87  9:27  Zergling x2  
  87  9:29  Zergling x6  
  91  9:33  Drone  
  91  9:35  Queen x2  
  96  9:44  Drone  
  97  9:45  Overlord  
  97  9:46  Overlord  
  95  10:20  Drone x7  
  95  10:21  Drone x2  
  104  10:34  Extractor  
  103  10:36  Extractor  
  103  10:39  Evolution Chamber  
  103  10:42  Mutalisk  
  101  10:43  Mutalisk x2  
  101  10:44  Zergling x2  
  101  10:45  Zergling x4  
  101  10:48  Hatchery, Zerg Flyer Weapons Level 1  
  109  11:06  Zerg Ground Armor Level 1  
  109  11:15  Zerg Melee Weapons Level 2, Roach Warren  
  108  11:21  Zergling x10  
  108  11:22  Overlord  
  108  11:23  Overlord x3  
  113  11:36  Overlord x2  
  113  11:37  Overlord  
  112  11:47  Hatchery  
  112  11:48  Mutalisk  
  112  11:49  Zergling x2  
  112  11:50  Zergling x8  
  114  12:05  Zergling x2, Mutalisk  
  114  12:06  Roach x2  
  117  12:14  Roach x3  
  117  12:15  Roach  
  82  12:23  Roach x3  
  68  12:33  Mutalisk x3  
  68  12:34  Mutalisk  
  66  12:44  Zergling x4, Roach  
  66  12:45  Roach x2  
  71  12:52  Drone  
  70  13:02  Roach  
  70  13:03  Roach x2  
  75  13:11  Roach x3  
  81  13:14  Queen x2  
  81  13:22  Drone x3  
  81  13:25  Drone  
  83  13:35  Roach x5  
  88  13:49  Zergling x4  
  88  13:50  Roach x5  
  91  14:00  Zergling x4, Roach  
  91  14:02  Queen  
  87  14:08  Zergling x2  
  87  14:09  Roach  
  82  14:12  Roach  
  70  14:24  Roach x3  
  67  14:28  Roach  
  67  14:31  Roach  
  62  14:35  Roach x5  
  72  14:44  Zergling x2  
  72  14:45  Zergling x2  
  68  14:49  Zergling x4  
  63  14:54  Zergling x2, Mutalisk  
  63  14:58  Zergling x4  
  55  15:08  Zergling x4, Mutalisk  
  55  15:10  Zergling x2  
  60  15:17  Zergling x4  
  53  15:22  Mutalisk  
  55  15:31  Zergling x2  
  55  15:33  Zergling x4  
  53  15:37  Zergling x2  
  52  15:44  Zergling x4  
  52  15:48  Zergling x2  
  43  15:52  Drone  
Tags
 
Add a new tag
Caveats
  • Supply blocks, unpowered buildings, or Contaminate may cause inaccurate times.
  • Supply counts are checked every 10 seconds.